 Dungeon Crawl Stone Soup version 0.27-a0-1149-g4505690ab0 (webtiles) character file.

Game seed: 15875936953378533294

243 senseless the Insei (level 6, 0/47 HPs)
             Began as a Gnoll Transmuter on May 12, 2021.
             Slain by a water moccasin (8 damage)
             ... on level 4 of the Dungeon.
             The game lasted 00:05:46 (3716 turns).

senseless the Insei (Gnoll Transmuter)              Turns: 3716, Time: 00:05:47

Health: 0/47       AC:  2    Str: 11    XL:     6   Next: 9%
Magic:  12/13      EV: 13    Int: 12    God:
Gold:   196        SH:  0    Dex: 13    Spells: 14/15 levels left

rFire    . . .     SeeInvis .   c - +2 hand axe (flame)
rCold    . . .     Faith    .   (no shield)
rNeg     . . .     Spirit   .   a - +0 robe
rPois    .         Reflect  .   (helmet currently unavailable)
rElec    .         Harm     .   (no cloak)
rCorr    .         Rampage  .   (no gloves)
Will     .....                  (boots currently unavailable)
Stlth    ++........             (no amulet)
HPRegen  0.15/turn              (no ring)
MPRegen  0.13/turn              (no ring)

@: lethally poisoned (0 -> -7), appendages (expiring), hasted, very quick
A: horns 2, talons 2, fangs 1, strong nose, distributed training
a: End Transformation


You were on level 4 of the Dungeon.
You had temporarily grown beastly horns and talons.
You visited 1 branch of the dungeon, and saw 4 of its levels.

You collected 196 gold pieces.

Inventory:

Hand Weapons
 c - a +2 hand axe of flaming (weapon)
 i - a +0 vorpal mace
Armour
 a - a +0 robe (worn)
Scrolls
 d - a scroll of noise {unknown}
 h - 2 scrolls of identify
Potions
 e - a potion of lignification {unknown}
 f - a potion of cancellation


   Skills:
 + Level 3.1 Fighting
 + Level 1.8 Short Blades
 + Level 1.8 Long Blades
 + Level 1.8 Axes
 + Level 1.8 Maces & Flails
 + Level 1.8 Polearms
 + Level 1.8 Staves
 + Level 1.8 Slings
 + Level 1.8 Bows
 + Level 1.8 Crossbows
 + Level 1.8 Throwing
 + Level 1.8 Armour
 + Level 4.9 Dodging
 + Level 1.8 Stealth
 + Level 1.8 Shields
 + Level 6.8 Unarmed Combat
 + Level 5.3 Spellcasting
 + Level 1.4 Conjurations
 + Level 1.4 Hexes
 + Level 1.4 Summonings
 + Level 1.4 Necromancy
 + Level 1.4 Translocations
 + Level 4.0 Transmutations
 + Level 1.4 Fire Magic
 + Level 1.4 Ice Magic
 + Level 1.4 Air Magic
 + Level 1.4 Earth Magic
 + Level 1.4 Poison Magic
 + Level 2.0 Invocations
 + Level 1.8 Evocations


You had 14 spell levels left.
You knew the following spells:

 Your Spells              Type           Power      Damage    Failure   Level
a - Beastly Appendage     Tmut           24%        N/A       3%          1

Your spell library contained the following spells:

 Spells                   Type           Power      Damage    Failure   Level
 Wereblood                Tmut           12%        N/A       5%          2
 Corona                   Hex            6%         N/A       11%         1
 Ensorcelled Hibernation  Hex/Ice        12%        N/A       17%         2
 Spider Form              Tmut/Pois      4%         N/A       19%         3
 Confusing Touch          Hex            6%         N/A       32%         3
 Dazzling Flash           Conj/Hex       12%        N/A       32%         3
 Tukima's Dance           Hex            6%         N/A       32%         3
 Ice Form                 Ice/Tmut       9%         N/A       54%         4
 Hydra Form               Tmut           6%         N/A       71%         5


Dungeon Overview and Level Annotations

Branches:
Dungeon (4/15)
 Temple: D:4-7

Altars:
Trog
Yredelemnul


Innate Abilities, Weirdness & Mutations

You have temporarily grown beastly horns and talons.
You have very sharp teeth.
Your uncanny sense of smell can sniff out nearby items.
Your experience applies equally to all skills.


Message History

You kill the hound!
Your Invocations skill increases to level 2!
You have reached level 6!
Your experience leads to an increase in your attributes!
Increase (S)trength, (I)ntelligence, or (D)exterity?
You feel stronger.
You now have 196 gold pieces (gained 11).
You see here 18 stones.
You start resting.
A hobgoblin is nearby!
You extend your transformation's duration.
The hobgoblin barely misses you.
You hit the hobgoblin. You burn the hobgoblin.
You kill the hobgoblin!
The water moccasin barely misses you.
You hit the water moccasin. You burn the water moccasin.
The water moccasin is lightly wounded.
The water moccasin misses you. The water moccasin bites you.
You hit the water moccasin. You burn the water moccasin.
The water moccasin is lightly wounded.
The water moccasin misses you.
You slash the water moccasin! You burn the water moccasin.
Your kick misses the water moccasin.
You bite the water moccasin, but do no damage.
The water moccasin is heavily wounded.
The water moccasin bites you! x2
You are poisoned.
The water moccasin poisons you!
You closely miss the water moccasin. Your kick misses the water moccasin.
The water moccasin is heavily wounded.
Your transformation is almost over.
You feel very sick. The water moccasin bites you.
* * * LOW HITPOINT WARNING * * *
The water moccasin bites you.
* * * LOW HITPOINT WARNING * * *
You feel yourself speed up.
* * * LOW HITPOINT WARNING * * *
You feel sick. The water moccasin bites you!
You die...

###.#........... ......
....######...... ......
........ ...... ....#
..##########... ....###
.............!###.......
........................
........................
.................S......
...............(@#....##
.................+ ..g..
.................# ....
.............[...... ...
.................... ..
..............#.#..... .
..............#.#.....
......#########.##....
......#


You could see a water moccasin.

Vanquished Creatures
  A jelly (D:4)
  A hound (D:4)
  An orc priest (D:3)
  Jessica (D:3)
  2 adders
  5 worms
  4 dart slugs
  3 orcs (D:3)
  3 bats
  5 endoplasms
  5 giant cockroaches
  3 hobgoblins
  8 jackals
  4 quokkas
  7 ball pythons
  6 frilled lizards
  5 goblins
  5 kobolds
  3 rats
72 creatures vanquished.

Notes
Turn   | Place    | Note
-------+----------+-------------------------------------------
     0 | D:1      | senseless the Gnoll Transmuter began the quest for the Orb.
     0 | D:1      | Reached XP level 1. HP: 17/17 MP: 6/6
   125 | D:1      | Reached XP level 2. HP: 15/23 MP: 5/7
   735 | D:1      | Found a faded altar of an unknown god.
   849 | D:1      | Reached XP level 3. HP: 28/28 MP: 7/9
   855 | D:1      | Reached skill level 5 in Spellcasting
  1478 | D:2      | Reached skill level 1 in Invocations
  2016 | D:2      | Reached skill level 1 in Short Blades
  2016 | D:2      | Reached skill level 1 in Long Blades
  2016 | D:2      | Reached skill level 1 in Axes
  2016 | D:2      | Reached skill level 1 in Maces & Flails
  2016 | D:2      | Reached skill level 1 in Polearms
  2016 | D:2      | Reached skill level 1 in Staves
  2016 | D:2      | Reached skill level 1 in Slings
  2016 | D:2      | Reached skill level 1 in Bows
  2016 | D:2      | Reached skill level 1 in Crossbows
  2016 | D:2      | Reached skill level 1 in Throwing
  2016 | D:2      | Reached skill level 1 in Armour
  2016 | D:2      | Reached skill level 1 in Stealth
  2016 | D:2      | Reached skill level 1 in Shields
  2016 | D:2      | Reached skill level 1 in Evocations
  2175 | D:2      | Reached XP level 4. HP: 34/34 MP: 11/11
  2302 | D:3      | Noticed Jessica
  2310 | D:3      | Killed Jessica
  2311 | D:3      | Reached skill level 1 in Conjurations
  2311 | D:3      | Reached skill level 1 in Hexes
  2311 | D:3      | Reached skill level 1 in Summonings
  2311 | D:3      | Reached skill level 1 in Necromancy
  2311 | D:3      | Reached skill level 1 in Translocations
  2311 | D:3      | Reached skill level 1 in Fire Magic
  2311 | D:3      | Reached skill level 1 in Ice Magic
  2311 | D:3      | Reached skill level 1 in Air Magic
  2311 | D:3      | Reached skill level 1 in Earth Magic
  2311 | D:3      | Reached skill level 1 in Poison Magic
  2622 | D:3      | Reached XP level 5. HP: 31/40 MP: 12/12
  2877 | D:3      | Found a basalt altar of Yredelemnul.
  3300 | D:4      | Found a bloodstained altar of Trog.
  3704 | D:4      | Noticed a water moccasin
  3706 | D:4      | Reached XP level 6. HP: 39/47 MP: 11/13
  3716 | D:4      | Slain by a water moccasin

Illustrated notes

Levels and vault maps discovered:
D:1:      nzn_arrival_settlement, layout_loops_ring,
          hellmonk_ecumenical_altar_slurped_away
D:2:      layout_basic, serial_corexii_hall, chequers_hall_statues_y,
          corexii_hall_statues_u, minmay_misc_feat_square
D:3:      layout_loops_cross, lemuel_tele_altar, uniq_jessica
D:4:      layout_basic, overflow_temple_1_default, serial_shops, shop

Skill      XL: |  1  2  3  4  5 |
---------------+----------------+-----
Spellcasting   | 5 |  5.3
Invocations    | 1 2 |  2.0
Short Blades   | 1 |  1.8
Long Blades    | 1 |  1.8
Axes           | 1 |  1.8
Maces & Flails | 1 |  1.8
Polearms       | 1 |  1.8
Staves         | 1 |  1.8
Slings         | 1 |  1.8
Bows           | 1 |  1.8
Crossbows      | 1 |  1.8
Throwing       | 1 |  1.8
Armour         | 1 |  1.8
Stealth        | 1 |  1.8
Shields        | 1 |  1.8
Evocations     | 1 |  1.8
Conjurations   | 1 |  1.4
Hexes          | 1 |  1.4
Summonings     | 1 |  1.4
Necromancy     | 1 |  1.4
Translocations | 1 |  1.4
Fire Magic     | 1 |  1.4
Ice Magic      | 1 |  1.4
Air Magic      | 1 |  1.4
Earth Magic    | 1 |  1.4
Poison Magic   | 1 |  1.4
Fighting       | 3 |  3.1
Transmutations | 4 |  4.0
Dodging        | |  4.9
Unarmed Combat | |  6.8

Action                   |  1- 3 |  4- 6 || total
-------------------------+-------+-------++-------
Melee: Unarmed           |    31 |       ||    31
       Kick              |    14 |    10 ||    24
       Hand axe          |    51 |    74 ||   125
       Bite              |     4 |     5 ||     9
       Headbutt          |     3 |    14 ||    17
       Punch             |     1 |       ||     1
 Cast: Beastly Appendage |    27 |    16 ||    43
  Use: Scroll            |     1 |     5 ||     6
       Potion            |       |     2 ||     2
 Stab: Sleeping          |     1 |     3 ||     4
Armor: Robe              |    16 |    13 ||    29
Dodge: Dodged            |    52 |    50 ||   102

Table legend: (Time is in decaauts)
 A = Elapsed time spent in this place.
 B = Non-inter-level travel time spent in this place.
 C = Inter-level travel time spent in this place.
 D = Time resting spent in this place.
 E = Time spent auto-exploring this place.
 F = Levels seen in this place.
 G = Mean time per level.
                   A        B        C        D        E       F      G
               +--------+--------+--------+--------+--------+-----+--------+
         Total |   3740 |   3662 |     78 |     19 |   3203 |   4 |  935.0 |
       Dungeon |   3740 |   3662 |     78 |     19 |   3203 |   4 |  935.0 |
               +--------+--------+--------+--------+--------+-----+--------+

Top non-repeatable levels by time:
     D:1: 1390 daAuts
     D:3: 1051 daAuts
     D:2: 871 daAuts
     D:4: 426 daAuts
